 Dungeon Crawl Stone Soup version 0.24-a0-725-gf1a930fc54 (webtiles) character file.

Game seed: 11292823418203878620, levelgen mode: deterministic

199 MisterFreud the Ruffian (level 5, -10/48 HPs)
             Began as a Troll Hunter on Oct 1, 2019.
             Killed by nerve-wracking pain
             ... invoked by an orc priest
              (12 damage)
             ... on level 3 of the Dungeon.
             The game lasted 00:03:37 (1982 turns).

MisterFreud the Ruffian (Troll Hunter)              Turns: 1982, Time: 00:03:38

Health: -10/48     AC:  6    Str: 21    XL:     5   Next: 48%
Magic:  4/4        EV: 10    Int:  7    God:
Gold:   167        SH:  0    Dex: 10    Spells: 4/4 levels left

rFire    . . .     SeeInvis .     - Unarmed
rCold    . . .     Gourm    +   (no shield)
rNeg     . . .     Faith    +   b - +0 robe
rPois    .         Spirit   .   (helmet restricted)
rElec    .         Reflect  .   (no cloak)
rCorr    +         Harm     .   (gloves unavailable)
MR       .....                  (boots unavailable)
Stlth    +.........             m - amulet of faith
HPRegen  0.56/turn              h - ring of wizardry
MPRegen  0.09/turn              p - ring of resist corrosion

@: no status effects
A: large, unfitting armour, claws 3, fast metabolism 3, gourmand, regeneration
1, shaggy fur 1, tough skin 3
a: no special abilities


You were on level 3 of the Dungeon.
You were completely stuffed.

You visited 1 branch of the dungeon, and saw 3 of its levels.

You collected 167 gold pieces.

Inventory:

Missiles
 c - 5 large rocks (quivered)
 d - 2 throwing nets
 e - 73 sling bullets
 l - 60 stones
 n - 47 arrows
 q - 12 bolts
Armour
 b - a +0 robe (worn)
Jewellery
 h - a ring of wizardry (left claw)
 m - an amulet of faith (around neck)
 p - a ring of resist corrosion (right claw)
 r - a +3 ring of protection {unknown}
Scrolls
 a - 2 scrolls of identify {unknown}
 g - a scroll of enchant weapon {unknown}
 i - 4 scrolls of remove curse {unknown}
 k - a scroll of magic mapping {unknown}
 o - a scroll of amnesia {unknown}
 s - a scroll of immolation {unknown}
Potions
 j - a potion of heal wounds {unknown}
Comestibles
 f - 7 rations
 t - 7 chunks of flesh


   Skills:
 - Level 1.5 Fighting
 - Level 3.6 Throwing
 - Level 1.5 Dodging
 - Level 0.3 Stealth
 + Level 5.3 Unarmed Combat


You had 4 spell levels left.
You didn't know any spells.
Your spell library was empty.

Dungeon Overview and Level Annotations

Branches:
Dungeon (3/15)

Altars:


Innate Abilities, Weirdness & Mutations

You are too large for most types of armour.
You have claws for hands.
Your metabolism is lightning-fast.
You like to eat raw meat.
Your natural rate of healing is unusually fast.
You are covered in fur. (AC +1)
You have extremely tough skin. (AC +3)


Message History

An orc comes into view. It is wielding a +0 short sword.
You closely miss the orc priest. The orc hits you with a +3 mace.
The orc priest hits you with a +0 war axe.
You claw the orc priest!
The orc priest is heavily wounded.
The orc hits you with a +3 mace.
* * * LOW HITPOINT WARNING * * *
An orc comes into view. It is wielding a +0 short sword.
You barely miss the orc priest.
The orc priest is heavily wounded.
The orc priest mumbles some strange prayers to Beogh against you.
Pain shoots through your body!
* * * LOW HITPOINT WARNING * * *
The orc hits you with a +3 mace.
* * * LOW HITPOINT WARNING * * *
You closely miss the orc priest.
The orc priest is heavily wounded.
The orc priest invokes the aid of Beogh against you.
Pain shoots through your body!
You die...

##### ###...######
#######
#....รท.))..###
....>.#
#.#...####...##......#
#.##### ###.)#)......
#.# ##..### #.# ##)..#
#.# ###@# ..# #o#
.###### #oo......
....... #........
....### ...)####.
##..# #.# ##.## #.#
#.# .. .# #.# .. # #.#
.##


You could see an orc priest and 2 orcs.

Vanquished Creatures
  A bullfrog skeleton (D:2)
  An orc wizard (D:3)
  3 gnolls (D:2)
  3 adders
  3 worms (D:2)
  A dart slug (D:2)
  2 leopard geckos (D:1)
  6 orcs (D:3)
  11 bats
  4 giant cockroaches
  7 goblins
  5 hobgoblins
  7 jackals
  5 kobolds
  A ball python (D:2)
  2 frilled lizards (D:2)
  7 rats
69 creatures vanquished.

Notes
Turn   | Place    | Note
-------+----------+-------------------------------------------
     0 | D:1      | MisterFreud the Troll Hunter began the quest for the Orb.
     0 | D:1      | Reached XP level 1. HP: 19/19 MP: 0/0
   148 | D:1      | Reached skill level 1 in Unarmed Combat
   283 | D:1      | Reached XP level 2. HP: 22/27 MP: 1/1
   301 | D:1      | Reached skill level 2 in Unarmed Combat
   617 | D:1      | Reached XP level 3. HP: 33/33 MP: 2/2
  1024 | D:2      | Reached skill level 3 in Unarmed Combat
  1083 | D:2      | Reached XP level 4. HP: 36/41 MP: 3/3
  1268 | D:2      | Reached skill level 4 in Unarmed Combat
  1515 | D:2      | Reached XP level 5. HP: 29/48 MP: 4/4
  1911 | D:3      | Reached skill level 5 in Unarmed Combat
  1980 | D:3      | HP: 1/48 [orc/+3 mace (6)]
  1982 | D:3      | Killed from afar by an orc priest

Levels and vault maps discovered:
D:1:      tarquinn_simple_flora_water_c, layout_basic, serial_forest,
          infiniplex_forest_3_way, infiniplex_forest_straight_3,
          infiniplex_forest_straight_2, infiniplex_forest_lined_1,
          minmay_misc_feat_columns
D:2:      layout_loops_cross, minmay_close_crescents
D:3:      layout_rooms, tso_altar, first_ration

Skill      XL: |  1  2  3  4  5 |
---------------+----------------+-----
Unarmed Combat | 1 2 3 4 5 |  5.3
Fighting       | |  1.5
Throwing       | |  3.6
Dodging        | |  1.5
Stealth        | |  0.3

Action                   |  1- 3 |  4- 6 || total
-------------------------+-------+-------++-------
Melee: Unarmed           |    88 |   127 ||   215
       Short sword       |     5 |       ||     5
       Punch             |       |     1 ||     1
 Stab: Sleeping          |       |     2 ||     2
  Eat: Chunk             |    11 |    13 ||    24
Armor: Robe              |    40 |    48 ||    88
Dodge: Dodged            |    57 |    53 ||   110

Table legend:
 A = Non-vault XP
 B = Vault XP
 C = Vault XP percentage of total XP
 D = Non-vault monster count
 E = Vault monster count
 F = Vault count percentage of total count
                 A         B        C        D         E       F
            +---------+---------+-------+---------+---------+-------
      Total |     265 |      20 |   7.0 |      64 |       5 |   7.2
            +---------+---------+-------+---------+---------+-------
        D:1 |      42 |       0 |   0.0 |      21 |       0 |   0.0
        D:2 |     139 |      20 |  12.6 |      26 |       5 |  16.1
        D:3 |      84 |       0 |   0.0 |      17 |       0 |   0.0
            +---------+---------+-------+---------+---------+-------
